 Dungeon Crawl Stone Soup version 0.27.1 (webtiles) character file.

Game seed: 7380874002472792933

74 MacCMillion the Digger (level 4, -7/24 HPs)
             Began as a Gargoyle Earth Elementalist on Aug 31, 2021.
             Killed by divine providence
             ... invoked by an orc priest
              (15 damage)
             ... on level 3 of the Dungeon.
             The game lasted 00:06:07 (2351 turns).

MacCMillion the Digger (GrEE)                       Turns: 2351, Time: 00:06:07

Health: -7/24      AC:  5    Str: 12    XL:     4   Next: 30%
Magic:  7/7        EV: 16    Int: 16    God:
Gold:   40         SH:  0    Dex: 10    Spells: 1/7 levels left

rFire    . . .     SeeInvis .   g - +2 flail (venom)
rCold    . . .     Faith    .   (no shield)
rNeg     + . .     Spirit   .   b - +0 robe
rPois    ∞         Reflect  .   (no helmet)
rElec    +         Harm     .   (no cloak)
rCorr    .         Rampage  .   (no gloves)
Will     .....                  (no boots)
Stlth    ++........             (no amulet)
HPRegen  0.08/turn              k - +4 ring of evasion
MPRegen  0.10/turn              (no ring)

@: no status effects
A: sickness immunity, AC +3, negative energy resistance 1, electricity
resistance, torment resistance 1, petrification resistance
a: no special abilities


You were on level 3 of the Dungeon.
You visited 1 branch of the dungeon, and saw 3 of its levels.

You collected 40 gold pieces.

Inventory:

Hand Weapons
 e - a +0 dagger
 g - a +2 flail of venom (weapon)
Missiles
 c - 109 stones
Armour
 b - a +0 robe (worn)
 h - a +0 kite shield
Jewellery
 k - a +4 ring of evasion (left hand)
 m - an amulet of guardian spirit
Scrolls
 a - a scroll of fog {unknown}
 d - a scroll of magic mapping {unknown}
 f - a scroll of noise {unknown}
 l - a scroll of fear {unknown}
Potions
 i - a potion of curing {unknown}
 j - a potion of mutation {unknown}


   Skills:
 + Level 1.1 Maces & Flails
 - Level 1.9 Dodging
 - Level 2.4 Stealth
 - Level 2.2 Spellcasting
 - Level 1.0 Transmutations
 * Level 5.0 Earth Magic


You had one spell level left.
You knew the following spells:

 Your Spells              Type           Power      Damage    Failure   Level
a - Sandblast             Erth           36%        2d10      2%          1
b - Passwall              Tmut/Erth      9%         N/A       9%          2
c - Stone Arrow           Conj/Erth      18%        3d8       22%         3

Your spell library contained the following spells:

 Spells                   Type           Power      Damage    Failure   Level
 Beastly Appendage        Tmut           10%        N/A       14%         1
 Wereblood                Tmut           5%         N/A       21%         2
 Spider Form              Tmut/Pois      1%         N/A       45%         3
 Ignite Poison            Fire/Tmut/Pois 2%         N/A       47%         3
 Petrify                  Tmut/Erth      11%        N/A       50%         4
 Mephitic Cloud           Conj/Pois/Air  1%         N/A       52%         3
 Bolt of Magma            Conj/Fire/Erth 3%         4d5       95%         5


Dungeon Overview and Level Annotations

Branches:
Dungeon (3/15)

Altars:

Shops:
D:2 [


Innate Abilities, Weirdness & Mutations

You are immune to sickness and miasma.
Your stone body is resilient. (AC +3)
You are immune to poison.
You resist negative energy. (rN+)
You are resistant to electric shocks. (rElec)
You are resistant to unholy torment.
You are immune to petrification.


Message History

A quokka comes into view.
The helpless endoplasm fails to defend itself.
You sock the endoplasm!
You kill the endoplasm!
The helpless quokka fails to defend itself.
You hit the quokka.
The quokka is poisoned.
The quokka is moderately wounded.
The quokka misses you.
The quokka bites you but does no damage.
You barely miss the quokka.
The quokka is severely wounded.
You kill the quokka!
No target in view!
You open the door. 2 orcs and an orc priest come into view.
The orc priest shouts!
The orc shouts!
The orc priest mumbles some strange prayers to Beogh against you.
You are unaffected.
The orc shouts!
You hear a shout!
The orc priest misses you.
There is an open door here.
You hit the orc priest but do no damage.
The orc priest is poisoned.
The orc priest barely misses you.
You closely miss the orc priest.
The orc priest is lightly wounded.
The orc priest hits you with a +0 short sword.
An orc comes into view. It is wielding a +0 short sword.
You closely miss the orc priest.
The orc priest is moderately wounded.
The orc priest hits you but does no damage.
An orc priest comes into view. It is wielding a +0 short sword.
The orc priest shouts!
The orc priest hits you with a +0 short sword.
The orc priest calls down the wrath of Beogh upon you.
Beogh smites you!
The orc priest mumbles some strange prayers to Beogh against you.
Beogh smites you!
Ouch! That really hurt!
You die...

#..........#
#.#####.##.#
#.....##.# #.....##.#
#.....##.# +.....##.#
#.....##.#
+.....##.###
#....@.....#
###+####o..# ##...####
#.......#.
#######.......#.######
#oooo.o.......+.......
#.#####.......##......
#.......##......
##########.....<


You could see an orc priest (poisoned).

Vanquished Creatures
  2 adders (D:3)
  A gnoll (D:1)
  2 dart slugs
  5 bats
  3 endoplasms
  3 giant cockroaches (D:1)
  5 goblins
  6 hobgoblins
  3 quokkas
  2 ball pythons
  A frilled lizard (D:2)
  2 kobolds
  5 rats
40 creatures vanquished.

Notes
Turn   | Place    | Note
-------+----------+-------------------------------------------
     0 | D:1      | MacCMillion the Gargoyle Earth Elementalist began the quest
                  | for the Orb.
     0 | D:1      | Reached XP level 1. HP: 10/10 MP: 3/3
   228 | D:1      | Reached skill level 4 in Earth Magic
   228 | D:1      | Reached XP level 2. HP: 10/15 MP: 5/5
   611 | D:1      | Reached XP level 3. HP: 19/19 MP: 1/6
   673 | D:1      | Learned a level 2 spell: Passwall
   677 | D:1      | Learned a level 3 spell: Stone Arrow
   978 | D:1      | Reached skill level 1 in Transmutations
  1327 | D:2      | Found a faded altar of an unknown god.
  1492 | D:2      | Found Xivaihas's Antique Armour Shop.
  2101 | D:3      | Reached XP level 4. HP: 20/24 MP: 7/7
  2149 | D:3      | Reached skill level 1 in Maces & Flails
  2252 | D:3      | Reached skill level 5 in Earth Magic
  2351 | D:3      | Killed from afar by an orc priest

Illustrated notes

Levels and vault maps discovered:
D:1:      dpeg_arrival_rhombus, layout_basic
D:2:      cheibrodos_old_hovel, layout_rooms, ebering_ecumenical_altar_rust,
          serial_shops, shop
D:3:      layout_basic, kennysheep_orc_chapel

Skill      XL: |  1  2  3  4 |
---------------+-------------+-----
Earth Magic    | 4 5 |  5.0
Transmutations | 1 |  1.0
Maces & Flails | 1 |  1.1
Dodging        | |  1.9
Stealth        | |  2.4
Spellcasting   | |  2.2

Action                   |  1- 3 |  4- 6 || total
-------------------------+-------+-------++-------
Melee: Dagger            |   102 |       ||   102
       Flail             |    32 |    17 ||    49
 Cast: Sandblast         |    12 |       ||    12
 Stab: Sleeping          |     2 |     2 ||     4
Armor: Robe              |    39 |     2 ||    41
Dodge: Dodged            |   103 |    15 ||   118
